 Dungeon Crawl Stone Soup version 0.23.0 (webtiles) character file.

Game seed: 10922937947573570512

15164 Blackhawk the Basher (level 11, -3/101 HPs)
             Began as a Troll Monk on Feb 9, 2019.
             Was a High Priest of Trog.
             Slain by an unseen horror (9 damage)
             ... on level 12 of the Dungeon.
             The game lasted 00:20:44 (9860 turns).

Blackhawk the Basher (Troll Monk)                   Turns: 9860, Time: 00:20:44

Health: -3/101     AC:  7    Str: 21    XL:     11   Next: 98%
Magic:  10/10      EV: 11    Int:  4    God:    Trog [*****.]
Gold:   760        SH: 11    Dex: 15    Spells: 10/10 levels left

rFire    + . .     SeeInvis .   v - +7 whip of the Pyrrhic Victory {elec, -Tele MR++}
rCold    . . .     Gourm    +   q - +0 shield
rNeg     . . .     Faith    .   a - +0 robe
rPois    .         Spirit   .   (helmet restricted)
rElec    .         Reflect  .   C - +0 cloak {+Inv}
rCorr    .         Harm     .   (gloves unavailable)
MR       ++...     NoTele   +   (boots unavailable)
Stlth    ++........             (no amulet)
HPRegen  0.66/turn              x - ring of protection from fire
MPRegen  0.12/turn              (no ring)

@: no status effects
A: large, unfitting armour, claws 3, dopey 1, fast metabolism 3, frail 1,
gourmand, regeneration 1, shaggy fur 1, tough skin 3, evolution 1
a: Berserk, Trog's Hand, Brothers in Arms, Renounce Religion, Evoke Invisibility


You were on level 12 of the Dungeon.
You worshipped Trog.
Trog was extremely pleased with you.
You were very full.

You visited 2 branches of the dungeon, and saw 13 of its levels.

You collected 760 gold pieces.

Inventory:

Hand Weapons
 b - a +0 dagger of venom
 o - a cursed +1 lajatang of electrocution
 v - the +7 whip of the Pyrrhic Victory (weapon) {elec, -Tele MR++}
   (You found it on level 4 of the Dungeon)

   Occasionally, upon striking a foe, it will discharge some electrical energy
   and cause terrible harm.
   It affects your resistance to hostile enchantments.
   It prevents most forms of teleportation.
Missiles
 p - a throwing net (quivered)
Armour
 a - a +0 robe (worn)
 q - a +0 shield (worn)
 C - a +0 cloak of invisibility (worn)
Jewellery
 s - an uncursed amulet of faith
 x - a ring of protection from fire (left claw)
Wands
 r - a wand of iceblast (12)
 t - a wand of flame (20)
 w - a wand of enslavement (8)
 z - a wand of paralysis (14)
 E - a wand of clouds (1)
Scrolls
 e - 2 scrolls of amnesia
 f - 2 scrolls of magic mapping {unknown}
 i - 7 scrolls of teleportation
 j - a scroll of fog
 n - 4 scrolls of remove curse
 u - a scroll of enchant weapon
 y - a scroll of summoning
 H - 3 scrolls of identify
Potions
 d - 3 potions of curing
 g - 2 potions of degeneration {unknown}
 h - 2 potions of cancellation
 k - a potion of agility
 l - 4 potions of haste
 m - a potion of lignification
 A - 2 potions of might
 B - a potion of magic
 D - a potion of berserk rage
 G - 3 potions of heal wounds {unknown}
Comestibles
 c - 14 rations
 F - 5 chunks of flesh


   Skills:
 + Level 8.5 Fighting
 + Level 10.2 Maces & Flails
 - Level 2.4 Dodging
 - Level 1.0 Stealth
 + Level 9.7 Shields
 - Level 6.8 Unarmed Combat


You had 10 spell levels left.
You didn't know any spells.
Your spell library was empty.

Dungeon Overview and Level Annotations

Branches:
Dungeon (12/15)            Temple (0/1) D:6            Lair (1/6) D:9
    Orc: D:9-12

Altars:
Dithmenos
Elyvilon
Fedhas
Gozag
Nemelex Xobeh
Qazlal
Ru
Sif Muna
Trog
Uskayaw
Xom
Yredelemnul
Zin

Shops:
D:10 %

Annotations:
D:5 1 exclusion


Innate Abilities, Weirdness & Mutations

You are too large for most types of armour.
You have claws for hands.
Your metabolism is lightning-fast.
You like to eat raw meat.
Your natural rate of healing is unusually fast.
You are covered in fur. (AC +1)
You have extremely tough skin. (AC +3)
You are dopey. (Int -2)
You are frail. (-10% HP)
You evolve.


Message History

Something hits you! Something completely misses you. Something hits you.
Something hits you.
* * * LOW HITPOINT WARNING * * *
You block something's attack. Something hits you!
* * * LOW HITPOINT WARNING * * *
Something hits you!
* * * LOW HITPOINT WARNING * * *
Something hits you!
* * * LOW HITPOINT WARNING * * *
Some of the chunks of flesh in your inventory have rotted away.
You feel better. Something hits you!
* * * LOW HITPOINT WARNING * * *
You block something's attack.
You whack something! Something hits you but does no damage.
Something hits you but does no damage. Something hits you!
You die...

#...# #.....#
#...# #.....#
#.#.# #.....#
#...# #...(<#
#...# #..##.#
#...# #.....#
#...# #.....#
#...# #.###.#
#...# #....@#
#...# #.....#
#...# #.###.#
##...#######.....#
#................#
#...#..##...#....#
#................#
###########......#
#....#.#


There were no monsters in sight!

Vanquished Creatures
  Frances (D:12)
  4 two-headed ogres
  The ghost of chequers the Basher, a novice OgBe of Trog (D:8)
  Pikel (D:7)
  A deep elf mage (D:10)
  An ugly thing (D:11)
  A black mamba (Lair:1)
  A rime drake (Lair:1)
  A spiny frog (Lair:1)
  A hornet (D:10)
  5 hippogriffs
  A wyvern (D:9)
  A wraith (D:11)
  8 yaks
  A basilisk (D:10)
  A hungry ghost (D:7)
  Menkaure (D:7)
  3 water moccasins
  5 porcupines
  A sky beast (D:11)
  4 orc warriors
  3 ice beasts
  4 phantoms
  2 black bears
  5 ogres
  2 crocodiles
  5 centaurs
  A big kobold (D:11)
  6 bullfrogs
  A scorpion (D:10)
  2 howler monkeys (D:10)
  5 wights
  4 bullfrog zombies
  7 crimson imps
  2 jellies
  3 hounds
  2 centaur skeletons (D:10)
  A bullfrog skeleton (D:10)
  4 orc priests
  2 orc wizards (D:9)
  Ijyb (D:3)
  Natasha (thrice) (D:2)
  3 iguanas
  5 worker ants
  A killer bee zombie (D:7)
  A hound skeleton (D:6)
  A worker ant zombie (D:10)
  Robin (D:3)
  4 gnolls (D:10)
  6 adders
  A howler monkey skeleton (D:4)
  A shadow imp (D:7)
  3 oozes
  An adder skeleton (D:4)
  A worm (D:2)
  A dart slug (D:5)
  7 leopard geckos
  21 orcs
  5 giant cockroaches
  16 hobgoblins
  7 jackals
  2 quokkas
  11 bats
  2 frilled lizards (D:2)
  15 goblins
  A jackal zombie (D:8)
  10 kobolds
  2 quokka skeletons
  7 rats
245 creatures vanquished.

Vanquished Creatures (others)
  13 fungi (D:9)
  5 plants
18 creatures vanquished.

Grand Total: 263 creatures vanquished

Notes
Turn   | Place    | Note
-------+----------+-------------------------------------------
     0 | D:1      | Blackhawk the Troll Monk began the quest for the Orb.
     0 | D:1      | Reached XP level 1. HP: 22/22 MP: 0/0
    87 | D:1      | Reached XP level 2. HP: 28/29 MP: 1/1
   182 | D:1      | You fall through a shaft!
   310 | D:2      | Reached XP level 3. HP: 35/36 MP: 2/2
   431 | D:2      | Noticed Natasha
   436 | D:2      | Killed Natasha
   436 | D:2      | Reached skill level 5 in Unarmed Combat
   436 | D:2      | Reached XP level 4. HP: 44/44 MP: 3/3
   941 | D:2      | Noticed Natasha
   950 | D:2      | Killed Natasha
  1091 | D:2      | Found a glowing silver altar of Zin.
  1097 | D:2      | Found an opulent altar of Gozag.
  1098 | D:2      | Found a stormy altar of Qazlal.
  1226 | D:2      | Noticed Natasha
  1233 | D:2      | Killed Natasha
  1233 | D:2      | Reached XP level 5. HP: 50/50 MP: 4/4
  1297 | D:2      | Found a deep blue altar of Sif Muna.
  1406 | D:3      | Found a shadowy altar of Dithmenos.
  1417 | D:3      | Found a sacrificial altar of Ru.
  1417 | D:3      | Found a bloodstained altar of Trog.
  1417 | D:3      | Found a sparkling altar of Nemelex Xobeh.
  1471 | D:3      | Became a worshipper of Trog the Wrathful
  1471 | D:3      | Reached * piety under Trog
  1471 | D:3      | Reached ** piety under Trog
  1486 | D:3      | Noticed Ijyb
  1498 | D:3      | Killed Ijyb
  1632 | D:3      | Noticed Robin
  1671 | D:3      | Killed Robin
  1671 | D:3      | Reached skill level 1 in Shields
  2033 | D:4      | Reached XP level 6. HP: 59/59 MP: 5/5
  2046 | D:4      | Noticed a water moccasin
  2064 | D:4      | Killed a water moccasin
  2067 | D:4      | Got a polished whip
  2149 | D:4      | Identified the +7 whip of the Pyrrhic Victory {elec, -Tele
                  | MR++} (You found it on level 4 of the Dungeon)
  2588 | D:5      | Entered Level 5 of the Dungeon
  2628 | D:5      | Noticed an ice beast
  2768 | D:5      | Reached skill level 1 in Maces & Flails
  2768 | D:5      | Reached XP level 7. HP: 50/66 MP: 6/6
  2819 | D:5      | Found a blossoming altar of Fedhas.
  2853 | D:5      | Reached skill level 2 in Maces & Flails
  3104 | D:5      | Reached skill level 3 in Maces & Flails
  3345 | D:5      | Reached *** piety under Trog
  3472 | D:6      | Found a staircase to the Ecumenical Temple.
  3602 | D:6      | Reached XP level 8. HP: 70/74 MP: 7/7
  3681 | D:6      | Reached skill level 4 in Maces & Flails
  4308 | D:7      | Reached skill level 5 in Shields
  4364 | D:7      | Reached skill level 5 in Maces & Flails
  4626 | D:7      | Noticed Menkaure
  4635 | D:7      | Killed Menkaure
  5274 | D:8      | Reached XP level 9. HP: 76/83 MP: 8/8
  5483 | D:8      | Found a hide-covered altar of Uskayaw.
  5509 | D:8      | Found a large runed translucent door.
  5509 | D:8      | Found a large runed translucent door.
  5560 | D:8      | Found a shimmering altar of Xom.
  5619 | D:8      | Reached skill level 6 in Maces & Flails
  5721 | D:8      | Noticed Pikel
  5865 | D:7      | Killed Pikel
  6147 | D:8      | Noticed chequers's ghost (novice OgBe)
  6160 | D:8      | Killed chequers's ghost
  6160 | D:8      | Reached skill level 5 in Fighting
  6160 | D:8      | Reached skill level 7 in Maces & Flails
  6211 | D:9      | Reached **** piety under Trog
  6325 | D:9      | Found a staircase to the Lair.
  6351 | D:9      | Reached XP level 10. HP: 74/96 MP: 9/9
  6404 | D:9      | Received a gift from Trog
  7011 | D:9      | Found a white marble altar of Elyvilon.
  7121 | D:9      | Found a basalt altar of Yredelemnul.
  7203 | D:10     | Entered Level 10 of the Dungeon
  7218 | D:10     | Reached skill level 8 in Maces & Flails
  7647 | D:10     | Noticed a two-headed ogre
  7659 | D:10     | Killed a two-headed ogre
  7807 | D:10     | Noticed a two-headed ogre
  7808 | D:10     | Found Kiqat's Food Emporium.
  7818 | D:10     | Killed a two-headed ogre
  7818 | D:10     | Reached XP level 11. HP: 57/107 MP: 10/10
  7852 | D:10     | Noticed a deep elf mage
  7902 | D:10     | Killed a deep elf mage
  7918 | D:10     | Paralysed by a hornet for 3 turns
  7926 | D:10     | Paralysed by a hornet for 3 turns
  8214 | D:10     | Reached skill level 9 in Maces & Flails
  8410 | Lair:1   | Entered Level 1 of the Lair of Beasts
  8538 | Lair:1   | Reached ***** piety under Trog
  8851 | D:9      | Gained mutation: You are dopey. (Int -2) [potion of
                  | mutation]
  8851 | D:9      | Gained mutation: You are frail. (-10% HP) [potion of
                  | mutation]
  8851 | D:9      | Gained mutation: You evolve. [potion of mutation]
  8909 | D:11     | Noticed a two-headed ogre
  8917 | D:11     | Killed a two-headed ogre
  9002 | D:11     | Noticed a two-headed ogre
  9010 | D:11     | Killed a two-headed ogre
  9102 | D:11     | Noticed a white ugly thing
  9121 | D:11     | Killed a white ugly thing
  9646 | D:12     | Noticed Frances
  9660 | D:12     | Killed Frances
  9660 | D:12     | Reached skill level 10 in Maces & Flails
  9857 | D:12     | HP: 5/101 [something (11)]
  9860 | D:12     | Slain by an unseen horror

Skill      XL: |  1  2  3  4  5  6  7  8  9 10 11 |
---------------+----------------------------------+-----
Unarmed Combat | 4 5 6 |  6.8
Shields        | 1 2 4 5 7 8 9 |  9.7
Maces & Flails | 1 3 5 7 8 10 | 10.2
Fighting       | 3 5 6 8 |  8.5
Dodging        | |  2.4
Stealth        | |  1.0

Action                   |  1- 3 |  4- 6 |  7- 9 | 10-12 || total
-------------------------+-------+-------+-------+-------++-------
Melee: Unarmed           |    63 |   175 |   313 |    17 ||   568
       Punch             |     1 |       |       |       ||     1
       Dagger            |       |     5 |    24 |       ||    29
       Whip              |       |       |       |   362 ||   362
Invok: Berserk           |       |       |     5 |     2 ||     7
  Use: Scroll            |       |     1 |    19 |     3 ||    23
       Potion            |       |     1 |       |     2 ||     3
 Stab: Sleeping          |     1 |     7 |     2 |     4 ||    14
       Distracted        |       |       |     1 |       ||     1
  Eat: Chunk             |    10 |    20 |    31 |    38 ||    99
       Ration            |       |       |     2 |       ||     2
Armor: Robe              |    27 |    52 |   101 |    66 ||   246
Dodge: Dodged            |    31 |    80 |   110 |    71 ||   292
Block: Shield            |       |    51 |   165 |   149 ||   365
